 Dungeon Sprint DCSS version 0.19.0-24-gb05acd6 (webtiles) character file.

3400000 igo the Axe Maniac (level 24, -39/249 HPs)
             Began as a Ghoul Warper on Nov 22, 2016.
             Was an Initiate of Makhleb.
             Annihilated by a meat berserker
             ... wielding a +9 battleaxe
              (49 damage)
             ... in the Dungeon (Sprint VIII: "Arena of Blood").
             The game lasted 00:02:00 (34 turns).

igo the Axe Maniac (Ghoul Warper)                     Turns: 34, Time: 00:02:01

Health: -39/249    AC:  6    Str: 18    XL:     24   Next: 8%
Magic:  9/53       EV: 25    Int: 15    God:    Makhleb [......]
Gold:   0          SH:  0    Dex:  9    Spells: 1 memorised, 75 levels left

rFire  . . .     SeeInvis .     l - +โˆž Axe of Woe
rCold  + . .     Gourm    .     b - +0 leather armour
rNeg   + + +     Faith    .     (shield currently unavailable) rPois โˆž Spirit .
                                (no helmet)
rElec  .         Reflect  .     (no cloak)
rCorr  .         Harm     .     (no gloves)
MR     +....     NoTele   +     (no boots)
Stlth  +++++++++.               (no amulet)
                                (no ring)
                                (no ring)

@: very slightly contaminated, rotting
A: rotting body, claws 1, carnivore 3, cold resistance 1, negative energy
resistance 3, slow regeneration 1, torment resistance, unbreathing
a: Renounce Religion


You were in the Dungeon.
You worshipped Makhleb.
Makhleb was noncommittal.
You were not hungry.

You visited 1 branch

Inventory:

Hand Weapons
 a - a +0 hand axe
 l - the +โˆž Axe of Woe (weapon)
   (You found it in the Dungeon)
Missiles
 e - 5 tomahawks of dispersal (quivered)
Armour
 b - a +0 leather armour (worn)
Scrolls
 d - a scroll of blinking
Potions
 g - a potion of curing
 h - a potion of heal wounds
 i - a potion of haste
 j - 2 potions of magic
 k - a potion of berserk rage
Books
 c - a book of Spatial Translocations

   Spells                             Type                      Level
   a - Blink                          Translocation                2
   b - Shroud of Golubria             Charms/Translocation         2
   c - Lesser Beckoning               Translocation                3
   d - Portal Projectile              Translocation                3
   e - Teleport Other                 Translocation                3
   f - Passage of Golubria            Translocation                4
Comestibles
 f - a meat ration


   Skills:
 O Level 27 Fighting
 O Level 27 Axes
 O Level 27 Throwing
 O Level 27 Armour
 O Level 27 Dodging
 O Level 27 Stealth
 O Level 27 Unarmed Combat
 O Level 27 Spellcasting
 O Level 27 Translocations
 + Level 15.4 Invocations


You had 75 spell levels left.
You knew the following spells:

 Your Spells              Type           Power        Failure   Level  Hunger
a - Blink                 Tloc           N/A          0%          2    None


Dungeon Overview and Level Annotations

Branches:
Dungeon (1/1)

Altars:
Makhleb


Innate Abilities, Weirdness & Mutations

Your body is rotting away.
You thrive on raw meat.
You are immune to poison.
You have sharp fingernails.
You are carnivorous and can eat meat at any time.
Your flesh is cold resistant. (rC+)
You are immune to negative energy. (rN+++)
You regenerate slowly when monsters are visible.
You are immune to unholy pain and torment.
You can survive without breathing.


Message History

You have reached level 24!
Your experience leads to an increase in your attributes!
Increase (S)trength, (I)ntelligence, or (D)exterity?
You feel agile.
You hear a shout!
The meat berserker rages.
You hear a shout! x3
A meat berserker comes into view.
It is wielding a +9 battleaxe. 3 orcs, an ogre and a hill giant come into view.
The bag of meat shouts!
The meat berserker shouts!
You hear a shout! x7
The bag of meat moves out of view. x3
The meat berserker rages.
An ogre and a hill giant come into view.
Unknown command.
You hear a shout! x3
The destroyer blinks!
You hear a shout!
The meat berserker barely misses you.
The meat berserker hits you with a +9 battleaxe!!!
You die... ....#.......#... .oO

#.o...).# ...
...###.C...).###...
........###........
#.....oo._o........
....O.#oo...#......
......#_)<._#......
......#O....#......
#...O..@._.........
.......O###ยง.......
...###Vo. ...###...
.. #...O...#
#..o....# ..O..oo..
..o...C. ........C.


You could see a destroyer, 3 large bags of meat, 5 meat berserkers and 11 bags
of meat.

Vanquished Creatures
  A vampire knight (D)
  8 ogres (D)
  25 orcs (D)
  A hill giant (D)
35 creatures vanquished.

Notes
Turn   | Place    | Note
-------+----------+-------------------------------------------
     0 | D        | igo the Ghoul Warper began the quest for the Orb.
     0 | D        | Reached XP level 1. HP: 17/17 MP: 2/2
     3 | D        | Noticed a bag of meat
     4 | D        | Noticed a bag of meat
     6 | D        | Noticed a bag of meat
     6 | D        | Killed a bag of meat
     6 | D        | Reached XP level 2. HP: 47/47 MP: 2/15
     6 | D        | Reached XP level 3. HP: 53/53 MP: 2/17
     6 | D        | Reached XP level 4. HP: 61/61 MP: 2/18
     6 | D        | Reached XP level 5. HP: 68/68 MP: 2/20
     6 | D        | Reached XP level 6. HP: 75/75 MP: 2/21
     6 | D        | Reached XP level 7. HP: 82/82 MP: 2/23
     6 | D        | Reached XP level 8. HP: 90/90 MP: 2/24
     6 | D        | Reached XP level 9. HP: 96/96 MP: 2/25
     6 | D        | Reached XP level 10. HP: 104/104 MP: 2/26
     6 | D        | Reached XP level 11. HP: 111/111 MP: 2/27
     6 | D        | Reached XP level 12. HP: 118/118 MP: 2/28
     7 | D        | Noticed a bag of meat
     8 | D        | Killed a bag of meat
     8 | D        | Reached skill level 15 in Axes
     8 | D        | Reached skill level 5 in Throwing
     8 | D        | Reached skill level 5 in Armour
     8 | D        | Reached skill level 15 in Spellcasting
     8 | D        | Reached XP level 13. HP: 110/130 MP: 2/31
     9 | D        | Noticed a meat berserker
    10 | D        | Noticed a bag of meat
    11 | D        | Noticed a bag of meat
    12 | D        | Learned a level 2 spell: Blink
    12 | D        | Noticed a bag of meat
    12 | D        | Noticed a bag of meat
    13 | D        | Noticed a bag of meat
    13 | D        | Noticed a bag of meat
    13 | D        | Noticed a bag of meat
    13 | D        | Noticed a bag of meat
    13 | D        | Noticed a bag of meat
    14 | D        | Noticed a bag of meat
    14 | D        | Noticed a bag of meat
    14 | D        | Noticed a bag of meat
    14 | D        | Noticed a meat berserker
    14 | D        | Noticed a meat berserker
    14 | D        | Noticed a bag of meat
    14 | D        | Noticed a bag of meat
    14 | D        | Noticed a bag of meat
    14 | D        | Noticed a meat berserker
    15 | D        | Noticed a bag of meat
    15 | D        | Noticed a bag of meat
    15 | D        | Noticed a bag of meat
    15 | D        | Noticed a bag of meat
    15 | D        | Noticed a bag of meat
    15 | D        | Noticed a bag of meat
    15 | D        | Noticed a bag of meat
    16 | D        | Noticed a large bag of meat
    16 | D        | Noticed a bag of meat
    16 | D        | Killed a meat berserker
    16 | D        | Reached skill level 15 in Dodging
    16 | D        | Reached XP level 14. HP: 124/144 MP: 4/34
    17 | D        | Noticed a meat berserker
    17 | D        | Noticed a bag of meat
    17 | D        | Noticed a meat berserker
    17 | D        | Killed a bag of meat
    17 | D        | Reached XP level 15. HP: 76/152 MP: 4/36
    17 | D        | Reached skill level 15 in Translocations
    17 | D        | Reached XP level 16. HP: 82/165 MP: 4/38
    18 | D        | Killed a meat berserker
    18 | D        | Reached XP level 17. HP: 75/179 MP: 5/40
    18 | D        | Reached XP level 18. HP: 79/190 MP: 5/42
    18 | D        | Killed a meat berserker
    18 | D        | Reached XP level 19. HP: 85/204 MP: 5/45
    19 | D        | Noticed a destroyer
    19 | D        | Killed a meat berserker
    19 | D        | Reached skill level 27 in Fighting
    19 | D        | Reached skill level 27 in Axes
    19 | D        | Reached skill level 10 in Throwing
    19 | D        | Reached skill level 27 in Translocations
    19 | D        | Reached XP level 20. HP: 91/216 MP: 5/49
    20 | D        | Reached skill level 10 in Armour
    20 | D        | Reached skill level 27 in Spellcasting
    20 | D        | Reached skill level 15 in Throwing
    20 | D        | Reached skill level 27 in Dodging
    21 | D        | Killed a destroyer
    21 | D        | Reached XP level 21. HP: 94/224 MP: 5/51
    21 | D        | Killed a meat berserker
    21 | D        | Reached skill level 27 in Throwing
    21 | D        | Reached XP level 22. HP: 98/233 MP: 5/52
    22 | D        | Reached skill level 27 in Armour
    23 | D        | Reached skill level 15 in Unarmed Combat
    23 | D        | Reached XP level 23. HP: 101/240 MP: 6/53
    28 | D        | Reached skill level 27 in Stealth
    29 | D        | Reached skill level 27 in Unarmed Combat
    30 | D        | Became a worshipper of Makhleb the Destroyer
    31 | D        | HP: 9/240 [bag of meat/+9 war axe (7)]
    32 | D        | Noticed a destroyer
    32 | D        | Reached skill level 15 in Invocations
    32 | D        | Reached XP level 24. HP: 10/249 MP: 8/53
    34 | D        | Annihilated by a meat berserker

Skill      XL: |  1  2  3  4  5  6  7  8  9 10 11 12 13 14 15 16 17 18 19 20 21 22 23 |
---------------+----------------------------------------------------------------------+-----
Fighting       | 14 16 18 19 20 23 24 25 27 | 27.0
Axes           | 13 15 16 17 18 22 23 26 27 | 27.0
Throwing       | 4 5 6 7 8 9 10 24 27 | 27.0
Armour         | 4 5 6 7 8 9 16 22 27 | 27.0
Dodging        | 12 14 15 16 17 19 20 23 27 | 27.0
Spellcasting   | 13 15 17 18 19 20 21 23 26 27 | 27.0
Translocations | 11 13 16 20 21 23 27 | 27.0
Stealth        | 19 27 | 27.0
Unarmed Combat | 18 27 | 27.0
Invocations    | 15 | 15.4

Action                   |  1- 3 |  4- 6 |  7- 9 | 10-12 | 13-15 | 16-18 | 19-21 | 22-24 || total
-------------------------+-------+-------+-------+-------+-------+-------+-------+-------++-------
Melee: Executioner's axe |     1 |       |       |     1 |     2 |     1 |     3 |     6 ||    14
  Use: Scroll            |       |       |       |       |       |       |       |     1 ||     1
Dodge: Dodged            |       |       |       |       |     1 |       |       |     1 ||     2
